 Dungeon Crawl Stone Soup version 0.19-a0-1079-g88a7474 (webtiles) character file.

105 4thArraOfDagon the Chopper (level 4, 0/41 HPs)
             Began as a Minotaur Berserker on Aug 6, 2016.
             Was a Follower of Trog.
             Succumbed to an orc's poison
             ... on level 7 of the Dungeon.
             The game lasted 00:01:44 (348 turns).

4thArraOfDagon the Chopper (Minotaur Berserker)      Turns: 348, Time: 00:01:46

Health: 0/41       AC:  6    Str: 25    XL:     4   Next: 53%
Magic:  3/3        EV: 11    Int:  4    God:    Trog [*.....]
Gold:   101        SH:  0    Dex:  9    Spells: 0 memorised, 3 levels left

rFire  . . .     SeeInvis .     d - +0 broad axe
rCold  . . .     Gourm    .     e - +0 scale mail
rNeg   . . .     Faith    .     (no shield)
rPois  .         Spirit   .     (helmet unavailable)
rElec  .         Dismiss  .     (no cloak)
rCorr  .         Reflect  .     (no gloves)
SustAt .         Harm     .     (no boots)
MR     .....                    (no amulet)
Stlth  ..........               (no ring)
                                (no ring)

@: lethally poisoned (0 -> -3)
A: retaliatory headbutt, horns 3, mutation resistance 1, strong 1, sturdy frame
1
a: Berserk, Burn Spellbooks, Renounce Religion


You were on level 7 of the Dungeon.
You worshipped Trog.
Trog was aware of your devotion.
You were hungry.

You visited 1 branch of the dungeon, and saw 6 of its levels.

You collected 101 gold pieces.

Inventory:

Hand Weapons
 a - a +0 hand axe
 d - a +0 broad axe (weapon)
Armour
 b - a +0 animal skin
 e - a +0 scale mail (worn)
Potions
 f - a potion of lignification {unknown}
Comestibles
 c - a bread ration


   Skills:
 + Level 4.4 Fighting
 * Level 5.3 Axes
 + Level 3.4 Armour
 - Level 2.1 Dodging


You had 3 spell levels left.
You didn't know any spells.

Dungeon Overview and Level Annotations

Branches:
Dungeon (7/15)
 Temple: D:4-7

Altars:
Kikubaaqudgha
Pakellas
Qazlal


Innate Abilities, Weirdness & Mutations

You reflexively headbutt those who attack you in melee.
You have a pair of large horns on your head.
You are somewhat resistant to further mutation.
Your muscles are strong. (Str +2)
Your movements are slightly less encumbered by armour. (ER -2)


Message History

The centaur zombie hits you.
Unknown command.
You feel sick. The giant frog barely misses you.
The centaur zombie barely misses you.
The orc warrior throws a tomahawk.
The tomahawk hits you!
* * * LOW HITPOINT WARNING * * *
You hear a splash.
The giant frog closely misses you.
Found a great mace.
You see here a tomahawk.
The centaur zombie hits you but does no damage.
The giant frog hits you.
* * * LOW HITPOINT WARNING * * *
The jelly jiggles.
Unknown command.
The giant frog hits you.
* * * LOW HITPOINT WARNING * * *
Unknown command.
A howler monkey comes into view.
You die...

# .. #.#.#.
##)#.#.# .......##
..##......##
#.#........###
#....≈.≈.⌠.@.# S
#...≈≈≈≈.Z.#.#
..###...≈≈≈≈lF##.#
..S....≈≈≈o≈(o##..
.........oJ...#...
..(......o≈n..#....
###.⌠....≈_.#....h
.
#....##.[..#.#####
.. ###...########


You could see an orc warrior, a necrophage, a giant frog, a howler monkey
(sleeping), an iguana, a jelly, 3 orcs and a centaur zombie.

Vanquished Creatures
  A scorpion (D:4)
  2 adders
  3 gnolls (D:3)
  An orc (D:3)
  A giant cockroach (D:2)
  2 rats (D:2)
10 creatures vanquished.

Notes
Turn   | Place    | Note
-------+----------+-------------------------------------------
     0 | D:1      | 4thArraOfDagon the Minotaur Berserker began the quest for the Orb.
     0 | D:1      | Reached XP level 1. HP: 19/19 MP: 0/0
    18 | D:2      | Reached skill level 4 in Axes
    18 | D:2      | Reached XP level 2. HP: 17/27 MP: 1/1
    55 | D:2      | Found a stormy altar of Qazlal.
    73 | D:2      | Found an oddly glowing altar of Pakellas.
   130 | D:3      | Reached XP level 3. HP: 33/33 MP: 2/2
   214 | D:4      | Noticed a scorpion
   220 | D:4      | Killed a scorpion
   220 | D:4      | Reached skill level 5 in Axes
   220 | D:4      | Reached XP level 4. HP: 18/41 MP: 3/3
   228 | D:4      | You fall through a shaft for 2 floors!
   229 | D:6      | Gained mutation: You have a pair of large horns on your head. [potion of mutation]
   229 | D:6      | Gained mutation: You are somewhat resistant to further mutation. [potion of mutation]
   229 | D:6      | Gained mutation: Your movements are slightly less encumbered by armour. (ER -2) [potion of mutation]
   230 | D:6      | Gained mutation: Your muscles are strong. (Str +2) [potion of mutation]
   337 | D:7      | Noticed a giant frog
   339 | D:7      | Noticed a necrophage
   339 | D:7      | Noticed an orc warrior
   340 | D:7      | Found an ancient bone altar of Kikubaaqudgha.
   347 | D:7      | HP: 1/41 [giant frog (2)]
   348 | D:7      | Succumbed to an orc's poison

Vault maps used:
D:1:      minmay_arrival_jagged, minmay_pentomino_s4
D:2:      grunt_pakellas_mercury, nicolae_overflow_hidden_temple,
          ecumenical_altar_2, hex_large
D:3:      kennysheep_potato, uniq_sigmund
D:6:      old_standard_altar, minmay_misc_feat_rows
D:7:      kiku_gazebo_pond_becter, serial_shops, shop

Skill      XL: |  1  2  3 |
---------------+----------+-----
Axes           | 4 5 |  5.3
Fighting       | 4 |  4.4
Armour         | 3 |  3.4
Dodging        | |  2.1

Action                   |  1- 3 |  4- 6 || total
-------------------------+-------+-------++-------
Melee: Hand axe          |    27 |       ||    27
       Headbutt          |     4 |       ||     4
Invok: Berserk           |     2 |       ||     2
  Use: Potion            |       |     2 ||     2
Armor: Scale mail        |       |     3 ||     3
Dodge: Dodged            |    19 |     8 ||    27
